 Dungeon Crawl Stone Soup version 0.17-a0-1731-g129c023 (webtiles) character file.

138 Raurakos the Chopper (level 5, -1/42 HPs)
             Began as a Hill Orc Gladiator on Aug 29, 2015.
             Slain by Menkaure (11 damage)
             ... on level 4 of the Dungeon.
             The game lasted 00:08:11 (2959 turns).

Raurakos the Chopper (Hill Orc Gladiator)           Turns: 2959, Time: 00:08:11

Health: -1/42      AC:  9    Str: 18    XL:     5   Next: 21%
Magic:  5/5        EV: 10    Int:  8    God:
Gold:   134        SH:  0    Dex: 12    Spells: 0 memorised, 4 levels left

rFire  . . .     SeeInvis .     a - +0 war axe
rCold  . . .     Clarity  .     r - +0 scale mail
rNeg   . . .     SustAt   .     (no shield)
rPois  .         Gourm    .     c - +0 helmet
rElec  .         Spirit   .     b - +0 cloak
rCorr  .         Warding  .     y - +0 pair of gloves
rMut   .         Stasis   .     (no boots)
MR     .....                    (no amulet)
Stlth  ..........               (no ring)
                                (no ring)

@: not resistant to hostile enchantments, extremely unstealthy
A: no striking features
a: no special abilities


You were on level 4 of the Dungeon.
You were not hungry.

You visited 1 branch of the dungeon, and saw 4 of its levels.

You collected 134 gold pieces.

Inventory:

Hand weapons
 a - a +0 war axe (weapon)
 g - a +0 whip of draining
Missiles
 e - 3 throwing nets
 f - 65 stones (quivered)
Armour
 b - a +0 cloak (worn)
 c - a +0 helmet (worn)
 r - a +0 scale mail (worn)
 y - a +0 pair of gloves (worn)
Jewellery
 i - an uncursed amulet of faith
Scrolls
 j - 2 scrolls of enchant weapon {unknown}
 l - a scroll of blinking {unknown}
 m - 2 scrolls of fear {unknown}
 o - a scroll of remove curse {unknown}
 q - 2 scrolls of identify {unknown}
 t - a scroll of amnesia {unknown}
 u - 2 scrolls of teleportation {unknown}
 x - a scroll of enchant armour {unknown}
Potions
 h - 2 potions of might {unknown}
 n - 2 potions of mutation {unknown}
 p - a potion of haste {unknown}
 s - 3 potions of heal wounds {unknown}
 v - a potion of cure mutation {unknown}
Comestibles
 d - 3 bread rations
 k - a beef jerky


   Skills:
 - Level 2.4 Fighting
 + Level 7.6 Axes
 - Level 2.0 Throwing
 - Level 2.4 Dodging


You had 4 spell levels left.
You didn't know any spells.

Dungeon Overview and Level Annotations

Branches:
Dungeon (4/15)
 Temple: D:4-7

Altars:

Annotations:
D:3 kosy22's ghost, average TrFi
D:4 Menkaure


Message History

You hit Menkaure but do no damage.
Menkaure is heavily damaged.
Menkaure barely misses you.
You slash Menkaure!
Menkaure is severely damaged.
Menkaure calls on the powers of darkness!
Your body is wracked with pain!
You barely miss Menkaure.
Menkaure is severely damaged.
Menkaure calls on the powers of darkness!
Your body is wracked with pain!
* * * LOW HITPOINT WARNING * * *
You are too injured to fight recklessly!
You barely miss Menkaure.
Menkaure is severely damaged.
Menkaure closely misses you.
You closely miss Menkaure.
Menkaure is severely damaged.
Menkaure hits you!
You die...

#$. #..
#..# #..#
##.. #...
#.#.##
###.##@#
#...#.#M#
#....####
#...#.#
##..##.#
#..###.#
#....#.#
##.#.# #
#.#.#


You could see Menkaure.

Vanquished Creatures
  An orc priest (D:3)
  5 adders
  An ooze (D:1)
  3 worms
  4 giant geckos
  4 orcs
  7 goblins
  6 hobgoblins
  3 kobolds
  A quokka (D:2)
  7 bats
  3 giant newts
  7 rats
52 creatures vanquished.

Notes
Turn   | Place    | Note
--------------------------------------------------------------
     0 | D:1      | Raurakos the Hill Orc Gladiator began the quest for the Orb.
     0 | D:1      | Reached XP level 1. HP: 18/18 MP: 1/1
   128 | D:1      | Reached XP level 2. HP: 25/25 MP: 2/2
   252 | D:1      | Reached skill level 5 in Axes
   829 | D:2      | Reached XP level 3. HP: 26/30 MP: 3/3
   836 | D:2      | Found a faded altar to an unknown god.
  1370 | D:2      | Reached skill level 6 in Axes
  1690 | D:2      | Reached XP level 4. HP: 35/37 MP: 4/4
  1837 | D:3      | Noticed kosy22's ghost (average TrFi)
  2254 | D:3      | Reached skill level 7 in Axes
  2846 | D:3      | Reached XP level 5. HP: 42/42 MP: 5/5
  2951 | D:4      | Noticed Menkaure
  2959 | D:4      | Slain by Menkaure

Vault maps used:
D:1:      tarquinn_simple_flora_water_c
D:2:      ecumenical_altar_2, corexii_shack, grunt_ministairs_8,
          hangedman_decor_growths, nrook_loot_triangle
D:4:      serial_shops, nicolae_shop_trees, nicolae_elemental_shop,
          uniq_menkaure, uniq_grinder, uniq_sigmund

Action                   |  1- 3 |  4- 6 || total
-------------------------+-------+-------++-------
Melee: War axe           |   104 |    78 ||   182
Throw: Stone             |     1 |    24 ||    25
 Stab: Sleeping          |     1 |       ||     1
  Eat: Chunk             |     2 |     5 ||     7
